 Dungeon Crawl Stone Soup version 0.23-a0-338-g8ff0b24 (webtiles) character file.

7 MisterFreud the Charlatan (level 1, 0/9 HPs)
             Began as a Felid Artificer on Oct 18, 2018.
             Slain by a leopard gecko (3 damage)
             ... on level 1 of the Dungeon.
             The game lasted 00:00:22 (61 turns).

MisterFreud the Charlatan (Felid Artificer)           Turns: 61, Time: 00:00:22

Health: 0/9        AC:  1    Str:  8    XL:     1   Next: 83%
Magic:  4/4        EV: 18    Int: 12    God:
Gold:   0          SH:  0    Dex: 16    Spells: 0/0 levels left
                                        Lives:  0   Deaths: 0

rFire    . . .     SeeInvis +     - Unarmed
rCold    . . .     Gourm    .   (shield unavailable)
rNeg     . . .     Faith    .   (armour unavailable)
rPois    .         Spirit   .   (helmet unavailable)
rElec    .         Reflect  .   (cloak unavailable)
rCorr    .         Harm     .   (gloves unavailable)
MR       .....                  (boots unavailable)
Stlth    +++.......             (no amulet)
HPRegen  0.03/turn              (no ring)
MPRegen  0.09/turn              (no ring)

@: quick
A: very small, no armour, no weapons or thrown items, stealth, claws 1, fangs 3,
see invisible, carnivore, speed 1, shaggy fur 1, slow metabolism 1, sharp paws
a: no special abilities


You were on level 1 of the Dungeon.
You were not hungry.

You visited 1 branch of the dungeon, and saw 1 of its levels.

Inventory:

Wands
 a - a wand of flame (15)
 b - a wand of enslavement (15)
 c - a wand of random effects (15)
Scrolls
 e - a scroll of teleportation {unknown}
Comestibles
 d - a ration


   Skills:
 - Level 1.0 Fighting
 - Level 2.6 Dodging
 + Level 2.9 Stealth
 - Level 1.0 Unarmed Combat
 - Level 3.2 Evocations


You couldn't memorise any spells.
You didn't know any spells.
Your spell library was empty.

Dungeon Overview and Level Annotations

Branches:
Dungeon (1/15)

Altars:


Innate Abilities, Weirdness & Mutations

You cannot wear armour.
You are incapable of wielding weapons or throwing items.
Your paws allow you to move quietly. (Stealth)
You have sharp claws.
You have razor-sharp teeth.
You have supernaturally acute eyesight. (SInv)
You are carnivorous and can eat meat at any time.
You cover ground quickly.
You are covered in fur. (AC +1)
You have a slow metabolism.
Your sharp claws are effective at attacking unaware monsters.


Message History

Found a plate armour.
A leopard gecko comes into view.
The leopard gecko hisses angrily.
You pounce on the unaware helpless rat!
You claw the rat!
You kill the rat!
The kobold shouts!
The leopard gecko hisses menacingly.
The kobold throws a stone.
The stone hits you but does no damage.
You closely miss the kobold. Your bite misses the kobold.
The kobold completely misses you.
You scratch the kobold.
The kobold is severely wounded.
The kobold hits you.
You are too injured to fight recklessly!
You are too injured to fight recklessly!
The kobold completely misses you. The leopard gecko barely misses you.
You barely miss the kobold.
The kobold is severely wounded.
The leopard gecko bites you.
You die...

.................
.....................#
.....................#
......$..............#
.....................#
.....................#
.....................#
.....................#
..).............@....#
................Kl...#
.....................#
.....!...............#
.....^...........[...#
.....................#
.....................#
#....................#
..#############


You could see a leopard gecko and a kobold.

Vanquished Creatures
  A dart slug (D:1)
  A goblin (D:1)
  A hobgoblin (D:1)
  2 rats (D:1)
5 creatures vanquished.

Notes
Turn   | Place    | Note
-------+----------+-------------------------------------------
     0 | D:1      | MisterFreud the Felid Artificer began the quest for the
                  | Orb.
     0 | D:1      | Reached XP level 1. HP: 9/9 MP: 4/4
    61 | D:1      | Slain by a leopard gecko

Vault maps used:
D:1:      dpeg_arrival_rhombi, wad_floor_pattern_2

Skill      XL: |  1 |
---------------+----+-----
Stealth        | 2 |  2.9
Fighting       | |  1.0
Dodging        | |  2.6
Unarmed Combat | |  1.0
Evocations     | |  3.2

Action                   || total
-------------------------++-------
Melee: Unarmed           ||    11
 Stab: Sleeping          ||     1
  Eat: Chunk             ||     1
Dodge: Dodged            ||     6

Table legend:
 A = Non-vault XP
 B = Vault XP
 C = Vault XP percentage of total XP
 D = Non-vault monster count
 E = Vault monster count
 F = Vault count percentage of total count
                 A         B        C        D         E       F
            +---------+---------+-------+---------+---------+-------
      Total |      10 |       0 |   0.0 |       5 |       0 |   0.0
            +---------+---------+-------+---------+---------+-------
        D:1 |      10 |       0 |   0.0 |       5 |       0 |   0.0
            +---------+---------+-------+---------+---------+-------
